PA
MANCELONA TORCH @ CHICAGO TULA
08/19/2034
 
TOP OF THE 1ST
Mancelona Torch batting - Pitching for Chicago Tula : RHP Kingston Liniak
Pitching: RHP Kingston Liniak
Batting: LHB Charles Godard 0-0: Foul Ball, location: 2F
0-1: Foul Ball, location: 2F
0-2: Foul Ball, location: 2F
0-2: Fly out, F4 (Line Drive, 4)
Batting: LHB Ed Holte 0-0: Ball
1-0: Ball
2-0: Foul Ball, location: 2F
2-1: Ball
3-1: Fly out, F8 (Flyball, 8LD)
Batting: LHB Basava Puri 0-0: Foul Ball, location: 2F
0-1: Ball
1-1: Swinging Strike
1-2: SINGLE (Line Drive, 3D)
Batting: SHB Arend van der Veen 0-0: Called Strike
0-1: Ball
1-1: Foul Ball, location: 2F
1-2: Foul Ball, location: 2F
1-2: Ball
Wild Pitch!
Basava Puri to second
2-2: DOUBLE (Line Drive, 9LD)
Basava Puri scores
Batting: LHB Duncan Witteman 0-0: Swinging Strike
0-1: Ball
1-1: Fly out, F8 (Flyball, 8RD)
Top of the 1st over - 1 run, 2 hits, 0 errors, 1 left on base; Mancelona 1 - Chicago 0
BOTTOM OF THE 1ST
Chicago Tula batting - Pitching for Mancelona Torch : RHP Tomás Mata
Pitching: RHP Tomás Mata
Batting: SHB Naif Na'Il bin Musa 0-0: Ball
1-0: Ball
2-0: Called Strike
2-1: Called Strike
2-2: Ball
3-2: Ground out 5-3 (Groundball, 56)
Batting: RHB Lorenzo Varela 0-0: Called Strike
0-1: Ball
1-1: Called Strike
1-2: Ball
2-2: Ball
3-2: Foul Ball, location: 2F
3-2: Foul Ball, location: 2F
3-2: Foul Ball, location: 2F
3-2: Base on Balls
Batting: RHB Eric Deweese 0-0: Ball
1-0: Ball
2-0: Called Strike
2-1: Swinging Strike
2-2: Strikes out swinging
Batting: SHB Sean Worley 0-0: Ball
1-0: Foul Ball, location: 2F
1-1: Ball
2-1: Ball
Wild Pitch!
Lorenzo Varela to second
3-1: Fly out, F6 (Popup, 6)
Bottom of the 1st over - 0 runs, 0 hits, 0 errors, 1 left on base; Mancelona 1 - Chicago 0
TOP OF THE 2ND
Mancelona Torch batting - Pitching for Chicago Tula : RHP Kingston Liniak
Batting: RHB Magtanggol Florencio 0-0: Swinging Strike
0-1: Called Strike
0-2: Ball
1-2: Ball
2-2: Foul Ball, location: 2F
2-2: Foul Ball, location: 2F
2-2: Strikes out looking
Batting: RHB Marty Aspen 0-0: Called Strike
0-1: Ball
1-1: Ball
2-1: Swinging Strike
2-2: Fly out, F7 (Flyball, 7LS)
Batting: RHB Hjalmar Bisseling 0-0: Called Strike
0-1: Ball
1-1: Called Strike
1-2: Strikes out swinging, 2-3 out at first.
Top of the 2nd over - 0 runs, 0 hits, 0 errors, 0 left on base; Mancelona 1 - Chicago 0
BOTTOM OF THE 2ND
Chicago Tula batting - Pitching for Mancelona Torch : RHP Tomás Mata
Batting: RHB Brian Rowe 0-0: Ball
1-0: Foul Ball, location: 2F
1-1: Swinging Strike
1-2: Fly out, F9 (Flyball, 9S)
Batting: RHB Tae-wan Kim 0-0: Bunt for hit - play at first, batter OUT! 5-3
Batting: RHB Charlie Passell 0-0: Called Strike
0-1: Ball
1-1: Fly out, F9 (Flyball, 89M)
Bottom of the 2nd over - 0 runs, 0 hits, 0 errors, 0 left on base; Mancelona 1 - Chicago 0
TOP OF THE 3RD
Mancelona Torch batting - Pitching for Chicago Tula : RHP Kingston Liniak
Batting: SHB Carlos Morales 0-0: Called Strike
0-1: SINGLE (Line Drive, 7LS)
Batting: LHB Charles Godard 0-0: Ball
1-0: Ball
2-0: Fielders Choice at 2nd, 4-6 (Groundball, 4)
Batting: LHB Ed Holte 0-0: Ball
1-0: Ball
2-0: Ball
3-0: Base on Balls
Charles Godard to second
Batting: LHB Basava Puri 0-0: Ball
1-0: Called Strike
1-1: Ball
2-1: Foul Ball, location: 2F
2-2: Strikes out swinging
Batting: SHB Arend van der Veen 0-0: SINGLE (Flyball, 9LM)
Charles Godard to third
Ed Holte to second
Runner from 3rd tries for Home, SAFE, no throw
Batting: LHB Duncan Witteman 0-0: Ball
1-0: Called Strike
1-1: Fly out, F8 (Flyball, 89D)
Top of the 3rd over - 1 run, 2 hits, 0 errors, 2 left on base; Mancelona 2 - Chicago 0
BOTTOM OF THE 3RD
Chicago Tula batting - Pitching for Mancelona Torch : RHP Tomás Mata
Batting: RHB Louis Chevrolet 0-0: Called Strike
0-1: Fly out, F9 (Flyball, 9S)
Batting: RHB Pat Hopkins 0-0: Ball
1-0: Ball
2-0: Called Strike
2-1: Ground out 4-3 (Groundball, 4M)
Batting: SHB Naif Na'Il bin Musa 0-0: Called Strike
0-1: Swinging Strike
0-2: Foul Ball, location: 2F
0-2: Strikes out swinging
Bottom of the 3rd over - 0 runs, 0 hits, 0 errors, 0 left on base; Mancelona 2 - Chicago 0
TOP OF THE 4TH
Mancelona Torch batting - Pitching for Chicago Tula : RHP Kingston Liniak
Batting: RHB Magtanggol Florencio 0-0: Called Strike
0-1: Ball
1-1: Called Strike
1-2: Ball
2-2: Ball
3-2: Base on Balls
Batting: RHB Marty Aspen 0-0: Ball
Throwing error on steal attempt, E2
Magtanggol Florencio to third
1-0: Called Strike
1-1: Foul Ball, location: 2F
1-2: Strikes out swinging
Batting: RHB Hjalmar Bisseling 0-0: Ground out 6-3 (Groundball, 56)
Magtanggol Florencio scores
Batting: SHB Carlos Morales 0-0: Called Strike
0-1: Ball
1-1: Ball
2-1: SINGLE (Line Drive, 56D)
Batting: LHB Charles Godard 0-0: Called Strike
0-1: Swinging Strike
0-2: Ball
1-2: Strikes out swinging
Top of the 4th over - 1 run, 1 hit, 1 error, 1 left on base; Mancelona 3 - Chicago 0
BOTTOM OF THE 4TH
Chicago Tula batting - Pitching for Mancelona Torch : RHP Tomás Mata
Batting: RHB Lorenzo Varela 0-0: Fly out, F8 (Line Drive, 8LD)
Batting: RHB Eric Deweese 0-0: Ball
1-0: Ball
2-0: Fly out, F7 (Flyball, 7S)
Batting: SHB Sean Worley 0-0: Ball
1-0: Ground out U3 (Groundball, 3)
Bottom of the 4th over - 0 runs, 0 hits, 0 errors, 0 left on base; Mancelona 3 - Chicago 0
TOP OF THE 5TH
Mancelona Torch batting - Pitching for Chicago Tula : RHP Kingston Liniak
Batting: LHB Ed Holte 0-0: Called Strike
0-1: Ball
1-1: Ball
2-1: SINGLE (Flyball, 7S)
Batting: LHB Basava Puri 0-0: Called Strike
0-1: Ball
Ed Holte steals 2nd base
1-1: Ball
2-1: SINGLE (Groundball, 4MD)
Ed Holte to third
Runner from 3rd tries for Home, SAFE, throw made home
Batting: SHB Arend van der Veen 0-0: Called Strike
0-1: Ball
1-1: Called Strike
1-2: Foul Ball, location: 2F
1-2: Ball
2-2: Strikes out swinging
Batting: LHB Duncan Witteman 0-0: Called Strike
0-1: Foul Ball, location: 2F
0-2: Ball
1-2: Foul Ball, location: 2F
1-2: Ball
2-2: SINGLE (Line Drive, 9S)
Basava Puri to second
Batting: RHB Magtanggol Florencio 0-0: Called Strike
Basava Puri steals 3rd base
Duncan Witteman to second
0-1: Swinging Strike
0-2: Ground out 6-3 (Groundball, 6D)
Basava Puri scores
Batting: RHB Marty Aspen 0-0: Ball
1-0: Swinging Strike
1-1: Ball
2-1: Foul Ball, location: 2F
2-2: Strikes out swinging
Top of the 5th over - 2 runs, 3 hits, 0 errors, 1 left on base; Mancelona 5 - Chicago 0
BOTTOM OF THE 5TH
Chicago Tula batting - Pitching for Mancelona Torch : RHP Tomás Mata
Batting: RHB Brian Rowe 0-0: Called Strike
0-1: Called Strike
0-2: Foul Ball, location: 2F
0-2: Ball
1-2: Foul Ball, location: 2F
1-2: Foul Ball, location: 2F
1-2: Strikes out looking
Batting: RHB Tae-wan Kim 0-0: Ball
1-0: Called Strike
1-1: Foul Ball, location: 2F
1-2: Fly out, F6 (Popup, 4MS)
Batting: RHB Charlie Passell 0-0: Fly out, F8 (Flyball, 8LD)
Bottom of the 5th over - 0 runs, 0 hits, 0 errors, 0 left on base; Mancelona 5 - Chicago 0
TOP OF THE 6TH
Mancelona Torch batting - Pitching for Chicago Tula : RHP Kingston Liniak
Pitching: LHP Kieran Parham
Batting: RHB Hjalmar Bisseling 0-0: Ball
1-0: Called Strike
1-1: Ball
2-1: Ball
3-1: Swinging Strike
3-2: Foul Ball, location: 2F
3-2: Strikes out swinging
Batting: SHB Carlos Morales 0-0: Swinging Strike
0-1: Foul Ball, location: 2F
0-2: Ball
1-2: Strikes out swinging
Batting: LHB Charles Godard 0-0: Reached on error, E5 (Popup, 25)
Batting: LHB Ed Holte 0-0: Called Strike
Charles Godard steals 2nd base
0-1: Called Strike
0-2: Strikes out looking
Top of the 6th over - 0 runs, 0 hits, 1 error, 1 left on base; Mancelona 5 - Chicago 0
BOTTOM OF THE 6TH
Chicago Tula batting - Pitching for Mancelona Torch : RHP Tomás Mata
Batting: RHB Louis Chevrolet 0-0: Ball
1-0: Ball
2-0: Ball
3-0: Base on Balls
Batting: RHB Pat Hopkins 0-0: Ball
1-0: Ball
2-0: Foul Ball, location: 2F
2-1: Swinging Strike
2-2: Grounds into double play, 1-4-3 (Groundball, 15S)
Batting: SHB Naif Na'Il bin Musa 0-0: Ball
1-0: Called Strike
1-1: Ball
2-1: Foul Ball, location: 2F
2-2: Fly out, F7 (Flyball, 7LS)
Bottom of the 6th over - 0 runs, 0 hits, 0 errors, 0 left on base; Mancelona 5 - Chicago 0
TOP OF THE 7TH
Mancelona Torch batting - Pitching for Chicago Tula : LHP Kieran Parham
Batting: LHB Basava Puri 0-0: Foul Ball, location: 2F
0-1: Foul Ball, location: 2F
0-2: Ball
1-2: Strikes out swinging
Batting: SHB Arend van der Veen 0-0: Called Strike
0-1: SOLO HOME RUN (Flyball, 89XD), Distance : 394 ft
Batting: LHB Duncan Witteman 0-0: Called Strike
0-1: Ball
1-1: Swinging Strike
1-2: Strikes out swinging
Batting: RHB Magtanggol Florencio 0-0: Ball
1-0: Ball
2-0: Foul Ball, location: 2F
2-1: SINGLE (Flyball, 89M)
Batting: RHB Marty Aspen 0-0: Called Strike
0-1: Ball
1-1: Ball
2-1: SINGLE (Line Drive, 4D)
Magtanggol Florencio to second
Runner from 2nd tries for 3rd, SAFE, throw made to third
Batting: RHB Hjalmar Bisseling 0-0: Fly out, F7 (Flyball, 7LS)
Top of the 7th over - 1 run, 3 hits, 0 errors, 2 left on base; Mancelona 6 - Chicago 0
BOTTOM OF THE 7TH
Chicago Tula batting - Pitching for Mancelona Torch : RHP Tomás Mata
Batting: RHB Lorenzo Varela 0-0: Called Strike
0-1: Foul Ball, location: 2F
0-2: Ball
1-2: SINGLE (Line Drive, 8LS)
Batting: RHB Eric Deweese 0-0: Called Strike
0-1: Ball
1-1: Fly out, F8 (Flyball, 8LD)
Batting: SHB Sean Worley 0-0: Called Strike
0-1: Foul Ball, location: 2F
0-2: Grounds into double play, 5-4-3 (Groundball, 5)
Bottom of the 7th over - 0 runs, 1 hit, 0 errors, 0 left on base; Mancelona 6 - Chicago 0
TOP OF THE 8TH
Mancelona Torch batting - Pitching for Chicago Tula : LHP Kieran Parham
Batting: SHB Carlos Morales 0-0: Ball
1-0: Ball
2-0: Ball
3-0: Called Strike
3-1: Base on Balls
Batting: LHB Charles Godard 0-0: Ground out U3 (Groundball, 34S)
Carlos Morales to second
Batting: LHB Ed Holte 0-0: Foul Ball, location: 2F
0-1: Ball
1-1: Ball
2-1: Swinging Strike
2-2: Foul Ball, location: 2F
2-2: Ball
3-2: Foul Ball, location: 2F
3-2: Strikes out swinging
Batting: LHB Basava Puri 0-0: Ball
1-0: Ball
2-0: Ball
3-0: Base on Balls
Batting: SHB Arend van der Veen 0-0: Foul Ball, location: 2F
0-1: Ball
1-1: Ball
2-1: Ball
3-1: Foul Ball, location: 2F
3-2: Base on Balls
Carlos Morales to third
Basava Puri to second
Batting: LHB Duncan Witteman 0-0: Ball
1-0: Fly out, F8 (Flyball, 78D)
Top of the 8th over - 0 runs, 0 hits, 0 errors, 3 left on base; Mancelona 6 - Chicago 0
BOTTOM OF THE 8TH
Chicago Tula batting - Pitching for Mancelona Torch : RHP Tomás Mata
Batting: RHB Brian Rowe 0-0: Ball
1-0: Ball
2-0: Ball
3-0: Called Strike
3-1: Ground out 1-3 (Groundball, P)
Batting: RHB Tae-wan Kim 0-0: Ball
1-0: Foul Ball, location: 2F
1-1: Ball
2-1: Foul Ball, location: 2F
2-2: Ball
3-2: Foul Ball, location: 2F
3-2: SINGLE (Groundball, 4) (infield hit)
Batting: RHB Charlie Passell 0-0: Swinging Strike
0-1: Swinging Strike
0-2: Ball
1-2: Ball
2-2: Strikes out swinging
Batting: RHB Louis Chevrolet 0-0: Fly out, F7 (Flyball, 7LS)
Bottom of the 8th over - 0 runs, 1 hit, 0 errors, 1 left on base; Mancelona 6 - Chicago 0
TOP OF THE 9TH
Mancelona Torch batting - Pitching for Chicago Tula : LHP Kieran Parham
Pitching: RHP Peer Aarsen
Batting: RHB Magtanggol Florencio 0-0: Ball
1-0: Ball
2-0: Foul Ball, location: 2F
2-1: Swinging Strike
2-2: SINGLE (Line Drive, 9LS)
Batting: RHB Marty Aspen 0-0: Called Strike
0-1: Ball
1-1: Called Strike
1-2: Ball
2-2: Foul Ball, location: 2F
2-2: Ball
3-2: Foul Ball, location: 2F
3-2: SINGLE (Groundball, 6MD)
Magtanggol Florencio to second
Batting: RHB Hjalmar Bisseling 0-0: Ball
1-0: Ball
2-0: Fly out, F4 (Line Drive, 4)
Batting: SHB Carlos Morales 0-0: Ball
Magtanggol Florencio steals 3rd base
1-0: Swinging Strike
1-1: Foul Ball, location: 2F
1-2: Ball
2-2: Strikes out looking
Batting: LHB Charles Godard 0-0: Ball
1-0: Called Strike
1-1: Fly out, F6 (Line Drive, 6)
Top of the 9th over - 0 runs, 2 hits, 0 errors, 2 left on base; Mancelona 6 - Chicago 0
BOTTOM OF THE 9TH
Chicago Tula batting - Pitching for Mancelona Torch : RHP Tomás Mata
Batting: RHB Pat Hopkins 0-0: Foul Ball, location: 2F
0-1: Ball
1-1: Ball
2-1: Fly out, F6 (Line Drive, 6)
Batting: SHB Naif Na'Il bin Musa 0-0: Foul Ball, location: 2F
0-1: Foul Ball, location: 2F
0-2: Fly out, F8 (Flyball, 78D)
Batting: RHB Lorenzo Varela 0-0: SINGLE (Line Drive, 56)
Batting: RHB Eric Deweese 0-0: SINGLE (Flyball, 7S)
Lorenzo Varela to second
Batting: SHB Sean Worley 0-0: Called Strike
0-1: Foul Ball, location: 2F
0-2: Ball
1-2: Ball
2-2: SINGLE (Line Drive, 4MD)
Lorenzo Varela to third
Eric Deweese to second
Pitching: RHP John Fain
Batting: RHB Brian Rowe 0-0: Ball
1-0: Foul Ball, location: 2F
1-1: Ball
2-1: DOUBLE (Line Drive, 7LD)
Lorenzo Varela scores
Eric Deweese scores
Sean Worley to third
Pitching: LHP Melvin Conner
Batting: RHB Tae-wan Kim 0-0: Ball
1-0: Foul Ball, location: 2F
1-1: 3-RUN HOME RUN (Flyball, 7LD), Distance : 352 ft
Batting: RHB Charlie Passell 0-0: Swinging Strike
0-1: Ball
1-1: Swinging Strike
1-2: Fly out, F5 (Line Drive, 5)
Bottom of the 9th over - 5 runs, 5 hits, 0 errors, 0 left on base; Mancelona 6 - Chicago 5
Friday, March 29th, 2019 - OOTP Baseball 18.8 Build 76